 Dungeon Crawl Stone Soup version 0.22-a0-358-g7563fe7 (webtiles) character file.

13 Leszczynek the Ruffian (level 2, 27/27 HPs)
             Began as a Troll Skald on Apr 18, 2018.
             Was an Initiate of Zin.
             Quit the game on level 3 of the Dungeon.
             The game lasted 00:01:53 (286 turns).

Leszczynek the Ruffian (Troll Skald)                 Turns: 286, Time: 00:01:54

Health: 27/27      AC:  5    Str: 18    XL:     2   Next: 24%
Magic:  2/2        EV: 10    Int:  9    God:    Zin [......]
Gold:   38         SH:  0    Dex:  9    Spells: 2/3 levels left

rFire    . . .     SeeInvis .     - Unarmed
rCold    . . .     Gourm    +   (no shield)
rNeg     . . .     Faith    .   a - +0 robe
rPois    .         Spirit   .   (helmet restricted)
rElec    .         Reflect  .   (no cloak)
rCorr    .         Harm     .   (gloves unavailable)
MR       .....                  (boots unavailable)
Stlth    +.........             (no amulet)
HPRegen  0.49/turn              (no ring)
MPRegen  0.08/turn              (no ring)

@: mildly poisoned (27 -> 26)
A: large, unfitting armour, claws 3, fast metabolism 3, gourmand, regeneration
1, shaggy fur 1, tough skin 2
a: Donate Gold, Renounce Religion


You were on level 3 of the Dungeon.
You worshipped Zin.
Zin was noncommittal.
You were very full.

You visited 1 branch of the dungeon, and saw 3 of its levels.

You collected 42 gold pieces.
You donated 4 gold pieces to Zin.

Inventory:

Hand Weapons
 j - a +0 blowgun
Missiles
 c - 3 large rocks (quivered)
 h - 19 sling bullets
Armour
 a - a +0 robe (worn)
Scrolls
 e - 2 scrolls of identify {unknown}
 i - a scroll of fear {unknown}
Potions
 b - 2 potions of heal wounds {unknown}
 f - 2 potions of ambrosia {unknown}
 k - a potion of mutation {unknown}
 l - a potion of haste {unknown}
Comestibles
 d - 3 rations
 g - 6 chunks of flesh


   Skills:
 - Level 1.6 Fighting
 - Level 2.0 Dodging
 + Level 2.7 Unarmed Combat
 - Level 1.3 Spellcasting
 - Level 2.0 Charms


You had 2 spell levels left.
You knew the following spells:

 Your Spells              Type           Power        Failure   Level  Hunger
a - Infusion              Chrm           #...         16%         1    ##.....


Dungeon Overview and Level Annotations

Branches:
Dungeon (3/15)

Altars:
Trog
Zin


Innate Abilities, Weirdness & Mutations

You are too large for most types of armour.
You have claws for hands.
Your metabolism is lightning-fast.
You like to eat raw meat.
Your natural rate of healing is unusually fast.
You are covered in fur. (AC +1)
You have very tough skin. (AC +2)


Message History

an uncursed blowgun; 9 poisoned needles; a kobold corpse
j - an uncursed blowgun You feel sick.
Found a stone staircase leading down.
There is a large open door here.
e - 2 scrolls labeled OTHOTO SIEMU (gained 1)
You feel sick.
You feel sick.
k - a murky yellow potion You feel sick.
l - a fizzy purple potion You feel sick.
There is a glowing silver altar of Zin here.
You kneel at the altar of Zin.
Zin welcomes you!
You pay a tithe of 4 gold.
You can now donate money to Zin.
Enter note: wait
Enter note: what the fuck am i doing Are you sure you want to abandon this character and quit the game? (Confirm with "yes".)

### ### #.#######<# .#
###.........# #.#
.##'######### #.## #+#
.....###############..###...#
............................#
............................#
................@8_.........#
.........######.............#
.....###.## #.............#
.....#....# ##............#
...###+#.<######............#
.........................#+##
####....[..............'##
#).................('.#
#.)......)..........#.#


There were no monsters in sight!

Vanquished Creatures
  A leopard gecko (D:1)
  An orc (D:3)
  A ball python (D:2)
  2 bats (D:1)
  2 hobgoblins
  2 kobolds (D:3)
9 creatures vanquished.

Notes
Turn   | Place    | Note
-------+----------+-------------------------------------------
     0 | D:1      | Leszczynek the Troll Skald began the quest for the Orb.
     0 | D:1      | Reached XP level 1. HP: 19/19 MP: 1/1
    92 | D:1      | Reached skill level 2 in Dodging
   119 | D:1      | oops
   217 | D:3      | Reached XP level 2. HP: 27/27 MP: 2/2
   245 | D:3      | Found a bloodstained altar of Trog.
   247 | D:3      | Found a glowing silver altar of Zin.
   285 | D:3      | Became a worshipper of Zin the Law-Giver
   286 | D:3      | wait
   286 | D:3      | what the fuck am i doing
   286 | D:3      | Quit the game

Vault maps used:
D:1:      dpeg_arrival_lava_temple_mockup
D:3:      cheibrodos_helix_gallery, chequers_temple_overflow_statue_of_worship,
          gup_sewer_entry_pipe, chequers_ecumenical_altar_lobes, trog_wizard

Skill      XL: |  1 |
---------------+----+-----
Dodging        | 2 |  2.0
Fighting       | |  1.6
Unarmed Combat | |  2.7
Spellcasting   | |  1.3
Charms         | |  2.0

Action                   || total
-------------------------++-------
Melee: Unarmed           ||    18
 Stab: Sleeping          ||     1
  Eat: Chunk             ||     7
Armor: Robe              ||     3
Dodge: Dodged            ||    12

Table legend:
 A = Spawn XP
 B = Non-spawn XP
 C = Spawn XP percentage of total XP
 D = Spawn monster count
 E = Non-spawn monster count
 F = Spawn count percentage of total count
 G = Total turns spent on level
                    A         B        C        D         E        F      G
               +---------+---------+-------+---------+---------+-------+---------
         Total |       0 |      19 |   0.0 |       0 |       9 |   0.0 |   286
               +---------+---------+-------+---------+---------+-------+---------
           D:1 |       0 |       9 |   0.0 |       0 |       4 |   0.0 |   174
           D:2 |       0 |       2 |   0.0 |       0 |       1 |   0.0 |    27
           D:3 |       0 |       8 |   0.0 |       0 |       4 |   0.0 |    85
               +---------+---------+-------+---------+---------+-------+---------
